 Dungeon Crawl Stone Soup version 0.31-a0-214-gb37851dbb3 (webtiles) character file.

Game seed: 13195227333966449388

2597 qw the Cleaver (level 9, -2/51 HPs)
             Began as a Gargoyle Fighter on July 1, 2023.
             Slain by a wight
             ... wielding a +4 battleaxe
              (11 damage)
             ... on level 7 of the Dungeon.
             The game lasted 00:03:39 (6855 turns).

qw the Cleaver (Gargoyle Fighter)                   Turns: 6855, Time: 00:03:40

Health: -2/51      AC: 17    Str: 24    XL:     9   Next: 59%
Magic:  0/9        EV:  8    Int:  9    God:
Gold:   384        SH:  4    Dex:  9    Spells: 8/8 levels left

rFire   . . .        Y - +0 war axe
rCold   . . .        c - +0 buckler
rNeg    + . .        a - +0 chain mail
rPois   inf          (helmet restricted)
rElec   +            f - +0 cloak
rCorr   .            (no gloves)
SInv    +            (no boots)
Will    .....        b - amulet of guardian spirit Stlth
                     k - ring of see invisible
HPRegen 0.28/turn    (no ring)
MPRegen 0.11/turn

%: guardian spirit
@: no status effects
A: sickness immunity, AC +6, negative energy resistance 1, electricity
resistance, torment resistance 1, petrification resistance, antennae 1, frail 1,
sense surroundings 1, evolution 1
a: no special abilities


You were on level 7 of the Dungeon.
You visited 2 branches of the dungeon, and saw 8 of its levels.

You collected 384 gold pieces.


Innate Abilities, Weirdness & Mutations

You are immune to sickness and miasma.
Your stone body is resilient. (AC +6)
You are immune to poison.
You resist negative energy. (rN+)
You are resistant to electric shocks. (rElec)
You are resistant to unholy torment.
You are immune to petrification.
You have a pair of small antennae on your head.
You are frail. (-10% HP)
You passively map a small area around you.
You have hidden genetic potential.


   Skills:
 - Level 7.0 Fighting
 + Level 9.3 Axes
 - Level 2.1 Throwing
 - Level 5.2 Armour
 - Level 1.4 Dodging
 - Level 4.0 Shields


You had 8 spell levels left.
You didn't know any spells.
Your spell library was empty.

Inventory:

Hand Weapons
 h - a +1 flail of protection
 Y - a +0 war axe (weapon)
Missiles
 l - 3 javelins (quivered)
 m - a boomerang
Armour
 a - a +0 chain mail (worn)
 c - a +0 buckler (worn)
 f - a +0 cloak (worn)
 o - a +0 helmet
Jewellery
 b - an amulet of guardian spirit (around neck)
 k - a ring of see invisible (left hand)
Scrolls
 e - 3 scrolls of identify
 n - a scroll of immolation {unknown}
Potions
 d - 2 potions of might
 i - 2 potions of curing
 j - 3 potions of lignification

Dungeon Overview and Level Annotations

Branches:
Dungeon (7/15)             Temple (1/1) D:6

Altars:
Cheibriados
Dithmenos
Fedhas
Gozag
Hepliaklqana
Kikubaaqudgha
Makhleb
Nemelex Xobeh
Qazlal
Ru
Sif Muna
Trog
Uskayaw
Vehumet
Wu Jian
Xom
Yredelemnul
Zin
The Shining One

Shops:
D:3 =

Annotations:
D:3 1 runed translucent door, 2 transporters, qw's ghost, weakling GrHs
D:4 1 runed translucent door, exclusion: 5 dart slugs, Crazy Yiuf
D:7 2 transporters, qw's ghost, novice DEHu


Message History

You closely miss the wight.
The wight is severely damaged.
You slash the hobgoblin!
You kill the hobgoblin!
You hit the wight but do no damage. You hit the kobold.
The wight hits you but does no damage.
The wight hits you from afar with a +5 spear.
The wight hits you with a +4 battleaxe!
A goblin comes into view.
The kobold barely misses you. The wight hits you with a +4 battleaxe!
The wight barely misses you. You block the wight's attack.
You closely miss the wight.
The wight is severely damaged.
You closely miss the kobold.
The goblin shouts!
You hit the kobold but do no damage. You hit the wight.
The kobold hits you but does no damage.
A gnoll comes into view.
The kobold completely misses you. The wight hits you with a +4 battleaxe.
The wight hits you from afar with a +5 spear.
You block the wight's attack.
6853 ||| DRINKING potion of heal wounds.
You feel much better. The kobold hits you but does no damage.
You block the kobold's attack.
The wight hits you from afar with a +5 spear.
The wight hits you but does no damage. x2
You closely miss the wight.
The wight is severely damaged.
You closely miss the kobold. You hit the wight but do no damage.
You barely miss the kobold. You block the kobold's attack.
The kobold hits you but does no damage. The wight hits you with a +3 mace!
The wight hits you from afar with a +5 spear!
The wight hits you with a +4 battleaxe!
You hit the wight but do no damage.
The wight is severely damaged.
You closely miss the kobold. You hit the wight. You closely miss the kobold.
You block the kobold's attack. The kobold hits you but does no damage.
The wight hits you but does no damage. The wight hits you with a +4 battleaxe!
You die...

########### ,
#...>...... ..... **
##.######### ..... ,,*
###...###### ###...###*
#...#......# #......., ,
#.#...####.###.#...# * ,
#.##.###...........###*
,
#.##.###...###.z.....#.
#.##...........@zz..(..
##.##.......###.KKg...#.
#......##.#.# ###g..##..
.......##.#.# '###* * *
#..###.##.#.# , .~ *
#..###.##.#.., g~.
#..##)))..#### .~##
#..##))....... ~.~.**
#<.##)######## ,


You could see 3 wights, a gnoll, a hobgoblin, a goblin and 2 kobolds.

Vanquished Creatures
  Menkaure (D:5)
  A water moccasin (D:7)
  2 black bears
  An ice beast (D:6)
  2 ogres
  4 phantoms
  4 centaurs
  A kobold brigand (D:7)
  A scorpion (D:5)
  Blork the orc (D:4)
  A bullfrog (D:6)
  A wight (D:7)
  3 killer bees (D:4)
  2 jellies
  7 orc priests
  5 hounds
  A sleepcap (D:6)
  5 orc wizards
  3 gnolls (D:3)
  14 adders
  3 shadow imps (D:6)
  A white imp (D:6)
  3 ufetubi
  A worm (D:2)
  10 dart slugs
  17 orcs
  7 endoplasms
  4 giant cockroaches
  2 goblins (D:1)
  5 hobgoblins
  2 jackals (D:2)
  11 kobolds
  3 quokkas
  9 ball pythons
  5 bats
  6 frilled lizards
  5 rats
154 creatures vanquished.

Notes
Turn   | Place    | Note
-------+----------+-------------------------------------------
     0 | D:1      | qw the Gargoyle Fighter began the quest for the Orb.
     0 | D:1      | Reached XP level 1. HP: 14/14 MP: 1/1
     0 | D:1      | 0 ||| qw: Version: 0.3-a-32-g5962c71
     0 | D:1      | 0 ||| qw: Game counter: 7486
     0 | D:1      | 0 ||| qw: Melee chars always use a shield: true
     0 | D:1      | 0 ||| qw: God list: Okawaru
     0 | D:1      | 0 ||| qw: Allow faded altars: false
     0 | D:1      | 0 ||| qw: Do Orc after clearing Dungeon:15 true
     0 | D:1      | 0 ||| qw: Do second Lair branch before Depths: true
     0 | D:1      | 0 ||| qw: Lair rune preference: random
     0 | D:1      | 0 ||| qw: Goals: Normal, Zot:1-4, Slime:5, God:TSO, Crypt,
                  | Tomb, Abyss, Pan, Hells, Win
     0 | D:1      | 0 ||| PLANNING D:1-11
    37 | D:1      | Reached skill level 2 in Axes
   238 | D:1      | 238 ||| Stepping ~*~*~tactically~*~*~ (stealth).
   251 | D:1      | Reached XP level 2. HP: 11/19 MP: 2/2
   508 | D:1      | 508 ||| FLEEEEING.
   509 | D:1      | 509 ||| FLEEEEING.
   510 | D:1      | 510 ||| FLEEEEING.
   521 | D:1      | 521 ||| Stepping ~*~*~tactically~*~*~ (hiding).
   522 | D:1      | 522 ||| Stepping ~*~*~tactically~*~*~ (hiding).
   665 | D:1      | 665 ||| FLEEEEING.
   666 | D:1      | 666 ||| FLEEEEING.
   667 | D:1      | 667 ||| FLEEEEING.
   668 | D:1      | 668 ||| FLEEEEING.
   736 | D:1      | 736 ||| DROPPING +0 club.
   971 | D:1      | Reached skill level 3 in Axes
  1108 | D:1      | 1108 ||| UPGRADING to +0 cloak.
  1113 | D:1      | 1113 ||| READING scroll labelled YDWELI NOAS.
  1151 | D:2      | Reached XP level 3. HP: 23/23 MP: 3/3
  1210 | D:2      | Reached skill level 1 in Throwing
  1383 | D:2      | 1383 ||| Stepping ~*~*~tactically~*~*~ (hiding).
  1384 | D:2      | 1384 ||| Stepping ~*~*~tactically~*~*~ (hiding).
  1605 | D:2      | Found a faded altar of an unknown god.
  1618 | D:2      | Reached XP level 4. HP: 10/28 MP: 4/4
  1971 | D:2      | 1971 ||| UPGRADING to +0 chain mail.
  1981 | D:2      | 1981 ||| DROPPING +0 scale mail.
  1982 | D:2      | 1982 ||| READING 2 scrolls labelled REANLO MOF.
  2111 | D:3      | 2111 ||| Stepping ~*~*~tactically~*~*~ (hiding).
  2112 | D:3      | 2112 ||| Stepping ~*~*~tactically~*~*~ (hiding).
  2140 | D:3      | Reached skill level 4 in Axes
  2181 | D:3      | 2181 ||| Stepping ~*~*~tactically~*~*~ (stealth).
  2183 | D:3      | 2183 ||| Stepping ~*~*~tactically~*~*~ (stealth).
  2189 | D:3      | Found a runed translucent door.
  2189 | D:3      | Noticed a bullfrog
  2227 | D:3      | Found a hide-covered altar of Uskayaw.
  2230 | D:3      | 2230 ||| Stepping ~*~*~tactically~*~*~ (stealth).
  2232 | D:3      | 2232 ||| Stepping ~*~*~tactically~*~*~ (stealth).
  2243 | D:3      | Reached XP level 5. HP: 21/32 MP: 5/5
  2252 | D:3      | 2252 ||| FLEEEEING.
  2259 | D:3      | 2259 ||| STAIRDANCE
  2291 | D:2      | 2291 ||| READING 2 scrolls of identify.
  2291 | D:2      | 2291 ||| IDENTIFYING black potion
  2292 | D:2      | 2292 ||| DROPPING potion of invisibility.
  2320 | D:3      | Found a transporter.
  2350 | D:3      | Found a burning altar of Makhleb.
  2350 | D:3      | Found a shadowy altar of Dithmenos.
  2463 | D:3      | 2463 ||| DROPPING +0 mace.
  2499 | D:3      | Found Rul Roe's Jewellery Shop.
  2507 | D:3      | 2507 ||| SHOPLISTING +6 ring of dexterity (360 gold, have
                  | 191).
  2507 | D:3      | 2507 ||| SHOPLISTING +6 ring of strength (360 gold, have
                  | 191).
  2507 | D:3      | 2507 ||| SHOPLISTING amulet of reflection (300 gold, have
                  | 191).
  2507 | D:3      | 2507 ||| SHOPLISTING amulet of the acrobat (300 gold, have
                  | 191).
  2507 | D:3      | 2507 ||| SHOPLISTING ring of resist corrosion (200 gold,
                  | have 191).
  2507 | D:3      | 2507 ||| SHOPLISTING ring of willpower (250 gold, have
                  | 191).
  2563 | D:3      | 2563 ||| Stepping ~*~*~tactically~*~*~ (stealth).
  2564 | D:3      | 2564 ||| Stepping ~*~*~tactically~*~*~ (stealth).
  2573 | D:3      | Reached skill level 5 in Axes
  2775 | D:3      | Found a transporter.
  2950 | D:3      | Noticed qw's ghost (weakling GrHs)
  2952 | D:3      | 2952 ||| READING scroll labelled HOYDDODYDDE.
  2953 | D:3      | 2953 ||| DRINKING 2 cyan potions.
  2954 | D:3      | 2954 ||| DRINKING 2 lumpy sapphire potions.
  2955 | D:3      | 2955 ||| READING 2 scrolls of identify.
  2955 | D:3      | 2955 ||| IDENTIFYING murky coppery potion
  2956 | D:3      | 2956 ||| DROPPING potion of degeneration.
  2987 | D:4      | 2987 ||| Stepping ~*~*~tactically~*~*~ (stealth).
  3150 | D:4      | Noticed a phantom
  3170 | D:4      | Killed a phantom
  3171 | D:4      | Reached XP level 6. HP: 27/39 MP: 6/6
  3353 | D:4      | Reached XP level 7. HP: 37/44 MP: 7/7
  3419 | D:4      | Reached skill level 6 in Axes
  3420 | D:4      | 3420 ||| UPGRADING to amulet of guardian spirit.
  3443 | D:4      | Found a runed translucent door.
  3444 | D:4      | Noticed Crazy Yiuf
  3616 | D:4      | 3616 ||| Stepping ~*~*~tactically~*~*~ (hiding).
  3706 | D:4      | HP: 11/44 [killer bee (2)]
  3707 | D:4      | 3707 ||| READING scroll of teleportation.
  4038 | D:4      | 4038 ||| Stepping ~*~*~tactically~*~*~ (hiding).
  4058 | D:4      | 4058 ||| DROPPING ring of wizardry.
  4083 | D:4      | Noticed Blork the orc
  4090 | D:4      | Killed Blork the orc
  4105 | D:4      | Reached skill level 1 in Dodging
  4528 | D:5      | Entered Level 5 of the Dungeon
  4607 | D:5      | Reached skill level 7 in Axes
  4686 | D:5      | 4686 ||| Stepping ~*~*~tactically~*~*~ (hiding).
  4698 | D:5      | Reached XP level 8. HP: 31/50 MP: 5/8
  4832 | D:5      | 4832 ||| DROPPING +0 flail.
  4954 | D:5      | 4954 ||| Stepping ~*~*~tactically~*~*~ (stealth).
  4967 | D:5      | 4967 ||| Stepping ~*~*~tactically~*~*~ (stealth).
  5015 | D:5      | 5015 ||| Stepping ~*~*~tactically~*~*~ (stealth).
  5028 | D:5      | Reached skill level 8 in Axes
  5283 | D:5      | Reached skill level 6 in Fighting
  5293 | D:5      | Noticed Menkaure
  5294 | D:5      | 5294 ||| Stepping ~*~*~tactically~*~*~ (hiding).
  5306 | D:5      | Killed Menkaure
  5468 | D:5      | 5468 ||| DRINKING 2 purple potions.
  5468 | D:5      | Gained mutation: You have large cloven feet. [potion of
                  | mutation]
  5468 | D:5      | Gained mutation: You sometimes lose your temper in combat.
                  | [potion of mutation]
  5469 | D:5      | 5469 ||| DRINKING potion of mutation.
  5469 | D:5      | Lost mutation: You have large cloven feet. [potion of
                  | mutation]
  5469 | D:5      | Lost mutation: You sometimes lose your temper in combat.
                  | [potion of mutation]
  5469 | D:5      | Gained mutation: You are frail. (-10% HP) [potion of
                  | mutation]
  5469 | D:5      | Gained mutation: You have a somewhat thin skeletal
                  | structure. (Dex +2, Stealth+) [potion of mutation]
  5470 | D:5      | 5470 ||| READING 4 scrolls of identify.
  5470 | D:5      | 5470 ||| IDENTIFYING amethyst potion
  5498 | D:6      | Found a staircase to the Ecumenical Temple.
  5499 | D:6      | 5499 ||| PLANNING TEMPLE
  5605 | Temple   | Entered the Ecumenical Temple
  5764 | Temple   | 5764 ||| PLANNING D:1-11
  5827 | D:6      | Reached XP level 9. HP: 48/49 MP: 7/9
  5913 | D:6      | 5913 ||| Stepping ~*~*~tactically~*~*~ (stealth).
  5915 | D:6      | 5915 ||| Stepping ~*~*~tactically~*~*~ (hiding).
  5919 | D:6      | 5919 ||| Stepping ~*~*~tactically~*~*~ (hiding).
  5920 | D:6      | 5920 ||| Stepping ~*~*~tactically~*~*~ (hiding).
  5948 | D:6      | Reached skill level 9 in Axes
  6016 | D:6      | Found Difaiggu's Magic Scroll Shop.
  6060 | D:6      | 6060 ||| Stepping ~*~*~tactically~*~*~ (hiding).
  6061 | D:6      | 6061 ||| Stepping ~*~*~tactically~*~*~ (hiding).
  6104 | D:6      | 6104 ||| Stepping ~*~*~tactically~*~*~ (hiding).
  6105 | D:6      | 6105 ||| Stepping ~*~*~tactically~*~*~ (hiding).
  6108 | D:6      | 6108 ||| Stepping ~*~*~tactically~*~*~ (stealth).
  6110 | D:6      | 6110 ||| Stepping ~*~*~tactically~*~*~ (hiding).
  6171 | D:6      | 6171 ||| Stepping ~*~*~tactically~*~*~ (stealth).
  6172 | D:6      | 6172 ||| Stepping ~*~*~tactically~*~*~ (stealth).
  6175 | D:6      | 6175 ||| Stepping ~*~*~tactically~*~*~ (stealth).
  6202 | D:6      | 6202 ||| Stepping ~*~*~tactically~*~*~ (stealth).
  6348 | D:6      | 6348 ||| UPGRADING to ring of see invisible.
  6451 | D:7      | 6451 ||| Stepping ~*~*~tactically~*~*~ (hiding).
  6452 | D:7      | 6452 ||| Stepping ~*~*~tactically~*~*~ (hiding).
  6454 | D:7      | 6454 ||| Stepping ~*~*~tactically~*~*~ (hiding).
  6464 | D:7      | 6464 ||| FLEEEEING.
  6465 | D:7      | 6465 ||| FLEEEEING.
  6466 | D:7      | 6466 ||| FLEEEEING.
  6467 | D:7      | 6467 ||| FLEEEEING.
  6469 | D:7      | 6469 ||| FLEEEEING.
  6470 | D:7      | 6470 ||| STAIRDANCE
  6503 | D:6      | 6503 ||| UPGRADING to +0 helmet.
  6508 | D:6      | 6508 ||| READING scroll labelled MATHOK HAIHORO.
  6515 | D:7      | 6515 ||| STAIRDANCE
  6608 | D:7      | Noticed qw's ghost (novice DEHu)
  6616 | D:7      | Found a transporter.
  6643 | D:7      | Found a transporter.
  6812 | D:7      | 6812 ||| DRINKING potion of mutation.
  6812 | D:7      | Lost mutation: You have a somewhat thin skeletal structure.
                  | (Dex +2, Stealth+) [potion of mutation]
  6812 | D:7      | Lost mutation: You are frail. (-10% HP) [potion of
                  | mutation]
  6812 | D:7      | Gained mutation: You have a pair of small antennae on your
                  | head. [potion of mutation]
  6812 | D:7      | Gained mutation: You are frail. (-10% HP) [potion of
                  | mutation]
  6812 | D:7      | Gained mutation: You passively map a small area around you.
                  | [potion of mutation]
  6812 | D:7      | Gained mutation: You have hidden genetic potential. [potion
                  | of mutation]
  6852 | D:7      | HP: 12/51 [wight/+5 spear (2)]
  6853 | D:7      | 6853 ||| DRINKING potion of heal wounds.
  6855 | D:7      | Slain by a wight

Levels and vault maps discovered:
D:1:      wander_arrival_desolate, layout_basic
D:2:      layout_loops_ring, shapermc_ecumenical_altar_rom_forum
D:3:      gammafunk_steamed_eel, layout_loops_ring, nicolae_uskayaw_dance_hall,
          gammafunk_temple_overflow_pools, serial_shops, shop,
          ebering_ghost_sewer_d
D:4:      kennysheep_slugbush, layout_basic, kennysheep_generic_room_15,
          uniq_blork_the_orc, uniq_crazy_yiuf_cottage
D:5:      layout_loops_cross, grunt_ministairs_15, nicolae_half_adder,
          uniq_menkaure
D:6:      layout_rooms, minmay_temple_entry_grid, kennysheep_small_square
D:7:      layout_loops_ring, okawaru_altar_gauntlet_db,
          gammafunk_ghost_stat_death
Temple:   eino_temple_scatter_basement

Skill      XL: |  1  2  3  4  5  6  7  8  9 |
---------------+----------------------------+-----
Axes           | 2 3 4 5 7 8 9 |  9.3
Throwing       | 1 2 |  2.1
Fighting       | 4 5 6 7 |  7.0
Dodging        | 1 |  1.4
Armour         | 4 5 |  5.2
Shields        | 4 |  4.0

Action                     |  1- 3 |  4- 6 |  7- 9 || total
---------------------------+-------+-------+-------++-------
  Melee: War axe           |   104 |   132 |   352 ||   588
  Throw: Javelin           |    31 |    46 |    21 ||    98
    Use: Scroll            |     1 |     4 |     3 ||     8
         Potion            |       |     2 |     4 ||     6
 Armour: Scale mail        |    50 |       |       ||    50
         Chain mail        |       |    84 |   280 ||   364
  Dodge: Dodged            |    39 |    41 |   163 ||   243
  Block: Buckler           |    19 |    23 |    78 ||   120

Table legend:
 A = Non-vault XP
 B = Vault XP
 C = Vault XP percentage of total XP
 D = Non-vault monster count
 E = Vault monster count
 F = Vault count percentage of total count
                 A         B        C        D         E       F
            +---------+---------+-------+---------+---------+-------
      Total |    2989 |     722 |  19.5 |     132 |      22 |  14.3
            +---------+---------+-------+---------+---------+-------
        D:1 |      32 |       0 |   0.0 |      21 |       0 |   0.0
        D:2 |      67 |       0 |   0.0 |      16 |       0 |   0.0
        D:3 |     199 |       0 |   0.0 |      25 |       0 |   0.0
        D:4 |     538 |     244 |  31.2 |      19 |      10 |  34.5
        D:5 |     611 |     454 |  42.6 |      18 |       9 |  33.3
        D:6 |    1001 |      22 |   2.2 |      21 |       2 |   8.7
        D:7 |     541 |       2 |   0.4 |      12 |       1 |   7.7
            +---------+---------+-------+---------+---------+-------
